| TOP OF THE 1ST |
|
Redlands East Valley Wildcats batting - Pitching for Arizona State University Sun Devils : LHP Jamie Treminio
|
|
Pitching: LHP Jamie Treminio
|
|
|
Batting: RHB Alex Freyre
|
0-0: Ball 1-0: Swinging Strike 1-1: Ball 2-1: Swinging Strike 2-2: Ball 3-2: Strikes out looking
|
|
Batting: SHB Jonathan Jacob
|
0-0: Called Strike 0-1: Ball 1-1: Foul Ball, location: 2F 1-2: Foul Ball, location: 2F 1-2: Ground out 4-3 (Groundball, 4M, EV 101.9 MPH)
|
|
Batting: LHB Jim Snell
|
0-0: Called Strike 0-1: Swinging Strike 0-2: Ball 1-2: Strikes out looking
|
| Top of the 1st over - 0 runs, 0 hits, 0 errors, 0 left on base; Redlands East Valley 0 - Arizona State University 0 |
| BOTTOM OF THE 1ST |
|
Arizona State University Sun Devils batting - Pitching for Redlands East Valley Wildcats : RHP Bill Hanbridge
|
|
Pitching: RHP Bill Hanbridge
|
|
|
Batting: RHB Hervé Papin
|
0-0: Ball 1-0: Ball 2-0: Foul Ball, location: 2F 2-1: Ground out 2-3 (Groundball, 2L, EV 71.2 MPH)
|
|
Batting: LHB Timon Giorgiou
|
0-0: Called Strike 0-1: Foul Ball, location: 2F 0-2: Ball 1-2: Strikes out swinging
|
|
Batting: LHB Justin Vitali
|
0-0: Called Strike 0-1: Ball 1-1: Foul Ball, location: 2F 1-2: Ball 2-2: Strikes out swinging, 2-3 out at first.
|
| Bottom of the 1st over - 0 runs, 0 hits, 0 errors, 0 left on base; Redlands East Valley 0 - Arizona State University 0 |
| TOP OF THE 2ND |
|
Redlands East Valley Wildcats batting - Pitching for Arizona State University Sun Devils : LHP Jamie Treminio
|
|
Batting: SHB Jason Pugh
|
0-0: Ball 1-0: Called Strike 1-1: Ball 2-1: SINGLE (Line Drive, 4D, EV 99.4 MPH)
|
|
Batting: RHB Justin Thomas
|
0-0: Foul Ball, location: 2F 0-1: Called Strike 0-2: Strikes out swinging
|
|
Batting: RHB Takayashi Hori
|
0-0: Ball 1-0: Swinging Strike 1-1: Fly out, F7 (Flyball, 7, EV 86.9 MPH)
|
|
Batting: LHB John Blumberg
|
0-0: Called Strike 0-1: Ball 1-1: Ball 2-1: Ball 3-1: Base on Balls Jason Pugh to second
|
|
Batting: SHB John Loechel
|
0-0: Ball 1-0: Fly out, F5 (Line Drive, 5, EV 71.2 MPH)
|
| Top of the 2nd over - 0 runs, 1 hit, 0 errors, 2 left on base; Redlands East Valley 0 - Arizona State University 0 |
| BOTTOM OF THE 2ND |
|
Arizona State University Sun Devils batting - Pitching for Redlands East Valley Wildcats : RHP Bill Hanbridge
|
|
Batting: LHB Randy Marquez
|
0-0: Called Strike 0-1: Ground out 4-3 (Groundball, 4, EV 103.8 MPH)
|
|
Batting: LHB Eric Russell
|
0-0: Ball 1-0: SINGLE (Groundball, 6M, EV 103.8 MPH)
|
|
Batting: LHB Burraga Iukini
|
0-0: Ball 1-0: Ball 2-0: Called Strike 2-1: Ball 3-1: Fielders Choice at 2nd, 4-6 (Groundball, 34S, EV 83.1 MPH)
|
|
Batting: RHB John Burgis
|
0-0: Called Strike Burraga Iukini is caught stealing 2nd base 2-4
|
| Bottom of the 2nd over - 0 runs, 1 hit, 0 errors, 0 left on base; Redlands East Valley 0 - Arizona State University 0 |
| TOP OF THE 3RD |
|
Redlands East Valley Wildcats batting - Pitching for Arizona State University Sun Devils : LHP Jamie Treminio
|
|
Batting: RHB Jeremy Evans
|
0-0: Ball 1-0: Foul Ball, location: 2F 1-1: Foul Ball, location: 2F 1-2: Ball 2-2: Ball 3-2: Fly out, F4 (Popup, 23, EV 92.5 MPH)
|
|
Batting: RHB Alex Freyre
|
0-0: Ball 1-0: Called Strike 1-1: Ball 2-1: SINGLE (Groundball, 34D, EV 96.9 MPH)
|
|
Batting: SHB Jonathan Jacob
|
0-0: Fly out, F7 (Flyball, 78M, EV 95.6 MPH)
|
|
Batting: LHB Jim Snell
|
0-0: Ball 1-0: Swinging Strike 1-1: Foul Ball, location: 2F 1-2: Fly out, F7 (Flyball, 78S, EV 96.9 MPH)
|
| Top of the 3rd over - 0 runs, 1 hit, 0 errors, 1 left on base; Redlands East Valley 0 - Arizona State University 0 |
| BOTTOM OF THE 3RD |
|
Arizona State University Sun Devils batting - Pitching for Redlands East Valley Wildcats : RHP Bill Hanbridge
|
|
Batting: RHB John Burgis
|
0-0: Ground out 5-3 (Groundball, 5, EV 100.6 MPH)
|
|
Batting: RHB Jun-hyuk Leem
|
0-0: Swinging Strike 0-1: Foul Ball, location: 2F 0-2: Strikes out swinging
|
|
Batting: RHB Kawenaula Kapali
|
0-0: Called Strike 0-1: Ball 1-1: Ball 2-1: Called Strike 2-2: Ball 3-2: Foul Ball, location: 2F 3-2: DOUBLE (Line Drive, 78M, EV 113.1 MPH)
|
|
Batting: RHB Hervé Papin
|
0-0: Fly out, F8 (Flyball, 8RD, EV 80.0 MPH)
|
| Bottom of the 3rd over - 0 runs, 1 hit, 0 errors, 1 left on base; Redlands East Valley 0 - Arizona State University 0 |
| TOP OF THE 4TH |
|
Redlands East Valley Wildcats batting - Pitching for Arizona State University Sun Devils : LHP Jamie Treminio
|
|
Batting: SHB Jason Pugh
|
0-0: Ball 1-0: Ground out 4-3 (Groundball, 34, EV 101.9 MPH)
|
|
Batting: RHB Justin Thomas
|
0-0: Ball 1-0: Called Strike 1-1: Called Strike 1-2: Foul Ball, location: 2F 1-2: Ball 2-2: Foul Ball, location: 2F 2-2: Strikes out swinging
|
|
Batting: RHB Takayashi Hori
|
0-0: Ball 1-0: Fly out, F7 (Flyball, 7LM, EV 92.5 MPH)
|
| Top of the 4th over - 0 runs, 0 hits, 0 errors, 0 left on base; Redlands East Valley 0 - Arizona State University 0 |
| BOTTOM OF THE 4TH |
|
Arizona State University Sun Devils batting - Pitching for Redlands East Valley Wildcats : RHP Bill Hanbridge
|
|
Batting: LHB Timon Giorgiou
|
0-0: Called Strike 0-1: Foul Ball, location: 2F 0-2: Strikes out swinging
|
|
Batting: LHB Justin Vitali
|
0-0: Ball 1-0: Called Strike 1-1: Ground out 6-3 (Groundball, 6, EV 107.5 MPH)
|
|
Batting: LHB Randy Marquez
|
0-0: Called Strike 0-1: Swinging Strike 0-2: Strikes out swinging
|
| Bottom of the 4th over - 0 runs, 0 hits, 0 errors, 0 left on base; Redlands East Valley 0 - Arizona State University 0 |
| TOP OF THE 5TH |
|
Redlands East Valley Wildcats batting - Pitching for Arizona State University Sun Devils : LHP Jamie Treminio
|
|
Batting: LHB John Blumberg
|
0-0: Ball 1-0: Fly out, F8 (Flyball, 8RM, EV 76.9 MPH)
|
|
Batting: SHB John Loechel
|
0-0: Ball 1-0: Foul Ball, location: 2F 1-1: Ground out 6-3 (Groundball, 6M, EV 107.5 MPH)
|
|
Batting: RHB Jeremy Evans
|
0-0: Fly out, F7 (Flyball, 7LM, EV 91.9 MPH)
|
| Top of the 5th over - 0 runs, 0 hits, 0 errors, 0 left on base; Redlands East Valley 0 - Arizona State University 0 |
| BOTTOM OF THE 5TH |
|
Arizona State University Sun Devils batting - Pitching for Redlands East Valley Wildcats : RHP Bill Hanbridge
|
|
Batting: LHB Eric Russell
|
0-0: Swinging Strike 0-1: Swinging Strike 0-2: Strikes out swinging
|
|
Batting: LHB Burraga Iukini
|
0-0: Called Strike 0-1: Fly out, F7 (Flyball, 7, EV 86.9 MPH)
|
|
Batting: RHB John Burgis
|
0-0: Ball 1-0: Ball 2-0: Ball 3-0: Called Strike 3-1: Base on Balls
|
|
Batting: RHB Jun-hyuk Leem
|
0-0: Ball 1-0: SINGLE (Groundball, 4MD, EV 106.2 MPH) John Burgis to second Runner from 2nd tries for 3rd, SAFE, no throw by CF
|
|
Batting: RHB Kawenaula Kapali
|
0-0: Called Strike 0-1: Foul Ball, location: 2F 0-2: Strikes out swinging
|
| Bottom of the 5th over - 0 runs, 1 hit, 0 errors, 2 left on base; Redlands East Valley 0 - Arizona State University 0 |
| TOP OF THE 6TH |
|
Redlands East Valley Wildcats batting - Pitching for Arizona State University Sun Devils : LHP Jamie Treminio
|
|
Batting: RHB Alex Freyre
|
0-0: Ground out 1-3 (Groundball, 13S, EV 70.6 MPH)
|
|
Batting: SHB Jonathan Jacob
|
0-0: Called Strike 0-1: Ball 1-1: Ball 2-1: Foul Ball, location: 2F 2-2: Foul Ball, location: 2F 2-2: Strikes out swinging
|
|
Batting: LHB Jim Snell
|
0-0: Swinging Strike 0-1: Ball 1-1: Ground out 4-3 (Groundball, 4, EV 89.4 MPH)
|
| Top of the 6th over - 0 runs, 0 hits, 0 errors, 0 left on base; Redlands East Valley 0 - Arizona State University 0 |
| BOTTOM OF THE 6TH |
|
Arizona State University Sun Devils batting - Pitching for Redlands East Valley Wildcats : RHP Bill Hanbridge
|
|
Batting: RHB Hervé Papin
|
0-0: Ball 1-0: Ball 2-0: Ground out 4-3 (Groundball, 4, EV 101.2 MPH)
|
|
Batting: LHB Timon Giorgiou
|
0-0: Ball 1-0: Ball 2-0: Ball 3-0: Foul Ball, location: 2F 3-1: Base on Balls
|
|
Batting: LHB Justin Vitali
|
0-0: Called Strike Timon Giorgiou steals 2nd base 0-1: Called Strike 0-2: Ball 1-2: Ball 2-2: Strikes out swinging
|
|
Batting: LHB Randy Marquez
|
0-0: Ball 1-0: Called Strike 1-1: Ground out 4-3 (Groundball, 4M, EV 85.0 MPH)
|
| Bottom of the 6th over - 0 runs, 0 hits, 0 errors, 1 left on base; Redlands East Valley 0 - Arizona State University 0 |
| TOP OF THE 7TH |
|
Redlands East Valley Wildcats batting - Pitching for Arizona State University Sun Devils : LHP Jamie Treminio
|
|
Batting: SHB Jason Pugh
|
0-0: Ball 1-0: Foul Ball, location: 2F 1-1: Ball 2-1: Foul Ball, location: 2F 2-2: Fly out, F7 (Flyball, 7S, EV 91.2 MPH)
|
|
Pitching: LHP Adam Distasio
|
|
|
Batting: RHB Justin Thomas
|
0-0: Ball 1-0: Foul Ball, location: 2F 1-1: Fly out, F4 (Popup, 4M, EV 78.1 MPH)
|
|
Batting: RHB Takayashi Hori
|
0-0: Ground out 6-3 (Groundball, 6, EV 81.2 MPH)
|
| Top of the 7th over - 0 runs, 0 hits, 0 errors, 0 left on base; Redlands East Valley 0 - Arizona State University 0 |
| BOTTOM OF THE 7TH |
|
Arizona State University Sun Devils batting - Pitching for Redlands East Valley Wildcats : RHP Bill Hanbridge
|
|
Batting: LHB Eric Russell
|
0-0: Reached on error, E6 (Groundball, 6, EV 101.9 MPH)
|
|
Batting: LHB Burraga Iukini
|
0-0: Ball 1-0: Foul Ball, location: 2F 1-1: Called Strike 1-2: Ball Eric Russell steals 2nd base 2-2: Strikes out swinging
|
|
Pitching: RHP T.J. Keenan
|
|
|
Batting: RHB John Burgis
|
0-0: Fly out, F7 (Line Drive, 7, EV 93.1 MPH)
|
|
Pinch Hitting: LHB Dustin Gill
|
0-0: Intentional Walk
|
|
Batting: RHB Kawenaula Kapali
|
0-0: Ball 1-0: Foul Ball, location: 2F 1-1: SINGLE (Flyball, 89S, EV 90.6 MPH) Eric Russell to third Dustin Gill to second Runner from 3rd tries for Home, SAFE, throw by RF to home
|
|
Batting: RHB Hervé Papin
|
0-0: Swinging Strike 0-1: Ball 1-1: Called Strike 1-2: Ball 2-2: Ball 3-2: Foul Ball, location: 2F 3-2: Strikes out looking
|
| Bottom of the 7th over - 1 run, 1 hit, 1 error, 2 left on base; Redlands East Valley 0 - Arizona State University 1 |
| TOP OF THE 8TH |
|
Redlands East Valley Wildcats batting - Pitching for Arizona State University Sun Devils : LHP Adam Distasio
|
|
Now in LF: Dustin Gill
|
|
|
Batting: LHB John Blumberg
|
0-0: Ball 1-0: DOUBLE (Line Drive, 9D, EV 92.5 MPH)
|
|
Pitching: RHP Josh Wolford
|
|
|
Batting: SHB John Loechel
|
0-0: Bunt missed! 0-1: Bunted foul 0-2: Ball 1-2: Strikes out swinging
|
|
Batting: RHB Jeremy Evans
|
0-0: Called Strike 0-1: Called Strike 0-2: Ball 1-2: Foul Ball, location: 2F 1-2: Strikes out swinging
|
|
Pinch Hitting: LHB Steve Lane
|
0-0: Ball 1-0: Ground out 4-3 (Groundball, 4, EV 83.1 MPH)
|
| Top of the 8th over - 0 runs, 1 hit, 0 errors, 1 left on base; Redlands East Valley 0 - Arizona State University 1 |
| BOTTOM OF THE 8TH |
|
Arizona State University Sun Devils batting - Pitching for Redlands East Valley Wildcats : RHP T.J. Keenan
|
|
Now in CF: Steve Lane
|
|
|
Batting: LHB Timon Giorgiou
|
0-0: Ground out 6-3 (Groundball, 6, EV 106.2 MPH)
|
|
Batting: LHB Justin Vitali
|
0-0: Ground out 6-3 (Groundball, 6, EV 81.9 MPH)
|
|
Batting: LHB Randy Marquez
|
0-0: Ball 1-0: Swinging Strike 1-1: Ball 2-1: Called Strike 2-2: Foul Ball, location: 2F 2-2: Strikes out swinging
|
| Bottom of the 8th over - 0 runs, 0 hits, 0 errors, 0 left on base; Redlands East Valley 0 - Arizona State University 1 |
| TOP OF THE 9TH |
|
Redlands East Valley Wildcats batting - Pitching for Arizona State University Sun Devils : RHP Josh Wolford
|
|
Pitching: RHP Ken Gray
|
|
|
Batting: SHB Jonathan Jacob
|
0-0: Called Strike 0-1: Ball 1-1: Ball 2-1: Ground out 1-3 (Groundball, 13, EV 68.1 MPH)
|
|
Batting: LHB Jim Snell
|
0-0: Ground out 5-3 (Groundball, 56, EV 88.8 MPH)
|
|
Batting: SHB Jason Pugh
|
0-0: Fly out, F8 (Flyball, 8RM, EV 80.6 MPH)
|
| Top of the 9th over - 0 runs, 0 hits, 0 errors, 0 left on base; Redlands East Valley 0 - Arizona State University 1 |
|